[Event "Balkan Youth Online-ch 2020"]
[Site "Online"]
[Date "2020.10.31"]
[Round "3.65"]
[White "Stankovic, Andrea"]
[Black "Criveanu, Maria"]
[Result "0-1"]
[ECO "D60"]
[WhiteElo "1534"]
[BlackElo "1054"]
[Annotator "NA RC"]
[PlyCount "78"]
[EventDate "2020.10.31"]
[EventType "swiss"]
[SourceTitle "playchess.com"]
[Source "ChessBase"]
[SourceQuality "1"]
[TimeControl "1500+5"]

1. d4 d5 2. c4 e6 3. Nc3 Be7 4. Nf3 Nf6 5. Bg5 O-O 6. e3 Nbd7 7. Bd3 dxc4 8. Bxc4 a6 9. a4 b6 10. O-O Bb7 11. Bd3 c5 12. Rc1 Rc8 13. Qe2 cxd4 14. exd4 Ra8 15. Rc2 Nb8 16. Rd1 Nc6 17. Ne5 Nxd4 18. Qf1 Qb8 19. Bxf6 Bxf6 20. Nd7 Qc7 21. Nxf8 Nxc2 22. Nxe6 fxe6 23. Bxc2 Bxc3 24. bxc3 Qxc3 25. Qe2 Bd5 26. Rb1 Rc8 27. Bd3 Qc1+ 28. Rxc1 Rxc1+ 29. Qf1 Rxf1+ 30. Kxf1 a5 31. f3 h6 32. Ke2 Kf7 33. Ke3 e5 34. Bb5 g5 35. g3 Ke6 36. f4 gxf4+ 37. gxf4 e4 38. Kd4 Bb7 39. Bf1 Bc6 0-1

[Event "Balkan Youth Online-ch 2020"]
[Site "Online"]
[Date "2020.10.31"]
[Round "3.67"]
[White "Rasheva, Nora"]
[Black "Karadas, Hena"]
[Result "0-1"]
[ECO "A60"]
[WhiteElo "1588"]
[BlackElo "1191"]
[Annotator "NA RC"]
[PlyCount "128"]
[EventDate "2020.10.31"]
[EventType "swiss"]
[SourceTitle "playchess.com"]
[Source "ChessBase"]
[SourceQuality "1"]
[TimeControl "1500+5"]

1. d4 Nf6 2. Nf3 e6 3. c4 c5 4. d5 exd5 5. cxd5 d6 6. Nc3 Bf5 7. g3 Be7 8. Bg2 O-O 9. O-O h6 10. Nd2 Nbd7 11. Nc4 a6 12. a4 Nb6 13. Na3 Re8 14. a5 Nbd7 15. Nc4 b5 16. axb6 Nxb6 17. Nxb6 Qxb6 18. e4 Bg6 19. f4 Bf8 20. Re1 Bh5 21. Qd2 Ng4 22. Kh1 c4 23. Rf1 Bg6 24. h3 Nf6 25. Re1 Nd7 26. Qe3 Qxe3 27. Bxe3 f6 28. Ra4 Rec8 29. Bd4 Rab8 30. Ne2 Nc5 31. Bxc5 Rxc5 32. f5 Be8 33. Ra2 Rcb5 34. Rb1 a5 35. Bf1 Rc5 36. Rc1 a4 37. Nd4 Bb5 38. Rc3 Be7 39. Nxb5 Rcxb5 40. Rc2 Rb4 41. Rxc4 Rxb2 42. Rxb2 Rxb2 43. Rxa4 Rb1 44. Kg2 Rb2+ 45. Kg1 Kf7 46. Ra7 Kf8 47. Rc7 Bd8 48. Rc8 Ke7 49. Rc6 Bb6+ 50. Kh1 Bf2 51. Rc3 Bd4 52. Rc7+ Kf8 53. Bg2 Rb1+ 54. Bf1 Rxf1+ 55. Kg2 Rf2+ 56. Kh1 Re2 57. Rc8+ Kf7 58. Rc7+ Kg8 59. Rc8+ Kh7 60. Rd8 Be5 61. g4 Rxe4 62. Ra8 Re2 63. Ra5 Rh2+ 64. Kg1 Rxh3 0-1

[Event "Balkan Youth Online-ch 2020"]
[Site "Online"]
[Date "2020.10.31"]
[Round "3.70"]
[White "Zhezhovska, Monika"]
[Black "Davitkova, Jovana"]
[Result "0-1"]
[ECO "B82"]
[WhiteElo "1108"]
[BlackElo "1227"]
[Annotator "NA RC"]
[PlyCount "130"]
[EventDate "2020.10.31"]
[EventType "swiss"]
[SourceTitle "playchess.com"]
[Source "ChessBase"]
[SourceQuality "1"]
[TimeControl "5400+30"]

1. e4 c5 2. Nf3 d6 3. d4 cxd4 4. Nxd4 Nf6 5. Nc3 a6 6. f4 e6 7. Be3 d5 8. exd5 Nxd5 9. Nxd5 Qxd5 10. Qd2 Bc5 11. a3 Nc6 12. Nxc6 Qxc6 13. Bxc5 Qxc5 14. Bd3 O-O 15. O-O-O b5 16. g4 Rb8 17. h4 b4 18. axb4 Qxb4 19. Qxb4 Rxb4 20. Rdf1 f6 21. c3 Rb6 22. Kc2 Bb7 23. Rhg1 Rd6 24. f5 e5 25. Bc4+ Bd5 26. Bxd5+ Rxd5 27. Rd1 Rfd8 28. Rxd5 Rxd5 29. Rd1 Rxd1 30. Kxd1 Kf7 31. Ke2 Ke7 32. Ke3 Kd6 33. Ke4 Kc5 34. g5 Kc4 35. g6 h6 36. h5 a5 37. b4 axb4 38. cxb4 Kxb4 39. Kd5 e4 40. Kxe4 Kc4 41. Kf3 Kd3 42. Kf4 Kd4 43. Kg4 Ke4 44. Kg3 Kxf5 45. Kf3 Kg5 46. Ke4 f5+ 47. Ke5 f4 48. Ke6 f3 49. Kf7 f2 50. Kxg7 f1=Q 51. Kh7 Qf6 52. g7 Qf7 53. Kh8 Kxh5 54. g8=Q Qxg8+ 55. Kxg8 Kg5 56. Kf7 h5 57. Ke6 h4 58. Ke5 h3 59. Ke4 h2 60. Kf3 h1=Q+ 61. Kg3 Qe4 62. Kh3 Qg4+ 63. Kh2 Kf4 64. Kh1 Kf3 65. Kh2 Qg2# 0-1

[Event "Balkan Youth Online-ch 2020"]
[Site "Online"]
[Date "2020.10.31"]
[Round "3.72"]
[White "Ciftci, Zeynep"]
[Black "Shuqja, Klean"]
[Result "0-1"]
[ECO "A31"]
[WhiteElo "1603"]
[BlackElo "1838"]
[Annotator "NA RC"]
[PlyCount "106"]
[EventDate "2020.10.31"]
[EventType "swiss"]
[SourceTitle "playchess.com"]
[Source "ChessBase"]
[SourceQuality "1"]
[TimeControl "1500+5"]

1. Nf3 Nf6 2. c4 c5 3. d4 cxd4 4. Nxd4 b6 5. Nc3 Bb7 6. f3 e6 7. Nc2 {[%emt 0:01:27] A31: Symmetrical English: 2 Nf3 Nf6 3 d4.} Be7 8. e4 d6 9. Be2 a6 10. Be3 O-O 11. O-O Nbd7 12. Qe1 Qc7 13. Qf2 {[%emt 0:00:15] [#]} Rfd8 $146 ({Predecessor:} 13... Rfe8 14. Rac1 Rac8 15. Rfd1 Ba8 16. g4 g6 17. g5 Nh5 18. f4 Ng7 19. h4 Nc5 {0-1 (48) Weiss,O (2196)-Kluss,K (2169) Baden 2010}) 14. Rac1 Bf8 15. b4 (15. g4 $16) 15... Rab8 16. Rfd1 Ba8 17. g4 (17. Nd4 $14) 17... Ne5 18. Na3 Qb7 19. g5 Nfd7 20. f4 Nc6 21. b5 $14 Na7 22. bxa6 Qxa6 23. Nab5 Nxb5 24. cxb5 Qb7 25. Bf3 Nc5 26. Kg2 Qa7 27. Rc2 Rbc8 28. f5 Qd7 29. Bxc5 Rxc5 30. fxe6 fxe6 31. h4 Rdc8 32. Rdc1 Qc7 33. Qe3 g6 34. Bd1 Rc4 35. Kf2 Bg7 36. Ne2 Qf7+ 37. Ke1 Rxc2 38. Rxc2 Rf8 39. Qxb6 Qf1+ 40. Kd2 Bxe4 41. Qxd6 Bxc2 42. Qxe6+ Kh8 43. Bxc2 Rd8+ 44. Ke3 Qf8 45. Qb3 Qc5+ 46. Kf3 Rf8+ 47. Nf4 Be5 48. Kg2 Bxf4 49. b6 Qc6+ 50. Kg1 Be5 51. b7 Bd4+ 52. Kh2 Rf2+ 53. Kh3 Qg2# 0-1

[Event "Balkan Youth Online-ch 2020"]
[Site "Online"]
[Date "2020.10.31"]
[Round "3.73"]
[White "Mosurovic, Milena"]
[Black "Kipik, Feyza"]
[Result "0-1"]
[ECO "B26"]
[WhiteElo "1428"]
[BlackElo "1592"]
[Annotator "NA RC"]
[PlyCount "78"]
[EventDate "2020.10.31"]
[EventType "swiss"]
[SourceTitle "playchess.com"]
[Source "ChessBase"]
[SourceQuality "1"]
[TimeControl "5400+30"]

1. e4 c5 2. Nc3 Nc6 3. g3 g6 4. Bg2 Bg7 5. d3 d6 6. Be3 e5 7. f4 Nf6 8. Nge2 O-O 9. h3 Nd4 10. O-O Be6 11. Qd2 b5 12. Nd1 Nxe2+ 13. Qxe2 Nh5 14. Rf3 Rb8 15. g4 Nxf4 16. Bxf4 exf4 17. Rxf4 d5 18. c3 d4 19. e5 Qc7 20. cxd4 cxd4 21. Rxd4 Qc5 22. Qe3 Bxe5 23. Re4 Qxe3+ 24. Nxe3 Bxb2 25. Rb1 Bg7 26. a3 Rfd8 27. Bf1 a6 28. Kf2 Rbc8 29. Nd1 Bd4+ 30. Kg3 Ba2 31. Rb4 Bc5 32. Rb2 Bd5 33. Ree2 Bxa3 34. Rb1 b4 35. Ne3 Be6 36. Rf2 Rc1 37. Rxc1 Bxc1 38. Nc4 Bxc4 39. dxc4 b3 0-1

[Event "Balkan Youth Online-ch 2020"]
[Site "Online"]
[Date "2020.10.31"]
[Round "3.73"]
[White "Baklova, Mila"]
[Black "Vaupot, Eliza"]
[Result "1-0"]
[ECO "B43"]
[WhiteElo "1226"]
[BlackElo "1198"]
[Annotator "NA RC"]
[PlyCount "57"]
[EventDate "2020.10.31"]
[EventType "swiss"]
[SourceTitle "playchess.com"]
[Source "ChessBase"]
[SourceQuality "1"]
[TimeControl "5400+30"]

1. e4 c5 2. Nf3 e6 3. d4 cxd4 4. Nxd4 a6 5. Nc3 Qc7 6. Be3 Bb4 7. Qd3 Nf6 8. f3 Nc6 9. Be2 O-O 10. O-O h6 11. a3 Bd6 12. f4 Nxd4 13. Qxd4 e5 14. Qd2 exf4 15. Bxf4 Bxf4 16. Rxf4 Re8 17. Bd3 b5 18. Raf1 Bb7 19. Qe3 Qd6 20. Ne2 Re6 21. Nd4 g5 22. Nxe6 gxf4 23. Nxf4 Re8 24. Qg3+ Kh7 25. e5+ Qxd3 26. cxd3 Rxe5 27. d4 Rg5 28. Qe3 Nh5 29. g3 1-0

[Event "Balkan Youth Online-ch 2020"]
[Site "Online"]
[Date "2020.10.31"]
[Round "3.74"]
[White "Paroglou, Marianna"]
[Black "Mihelic, Vesna"]
[Result "0-1"]
[ECO "C50"]
[WhiteElo "1436"]
[BlackElo "1872"]
[Annotator "NA RC"]
[PlyCount "110"]
[EventDate "2020.10.31"]
[EventType "swiss"]
[SourceTitle "playchess.com"]
[Source "ChessBase"]
[SourceQuality "1"]
[TimeControl "1500+5"]

1. e4 e5 2. Nf3 Nc6 3. Bc4 Bc5 4. O-O Nf6 5. d4 Bxd4 6. Nxd4 Nxd4 7. f4 d6 8. fxe5 dxe5 9. Bg5 Qe7 10. Na3 {[%emt 0:03:20] C50: Hungarian Defence and Giuoco Pianissimo.} Be6 11. c3 Bxc4 12. Bxf6 gxf6 13. Nxc4 Ne6 14. Qa4+ {[%emt 0:00:35] [#]} Kf8 $146 ({Predecessor:} 14... c6 15. Qa5 O-O 16. Ne3 Kh8 17. Nf5 Qd8 18. Qa3 Qb6+ 19. Kh1 Qc5 20. Qb3 b5 {1-0 (35) Jovanovic,Z (2525)-Borisek,J (2581) Rogaska Slatina 2009}) 15. b4 Kg7 (15... Rg8 $11 {remains equal.}) 16. Ne3 Qe8 17. Qxe8 Raxe8 18. Nd5 Nf4 19. Nxf4 exf4 20. Rxf4 Re6 21. Kf2 Rhe8 22. Rd1 Rxe4 23. Rxe4 Rxe4 24. Rd3 Rc4 25. Ke2 Kf8 26. Kd2 Ke7 27. Rh3 Rg4 28. g3 Rg7 29. Rh4 f5 30. Ke3 Ke6 31. a4 Ke5 32. Rc4 c6 33. Rc5+ Ke6 34. Kf3 f6 35. h3 Rd7 36. Kf4 Rd1 37. Ke3 Re1+ 38. Kf3 Rf1+ 39. Ke2 Rh1 40. h4 f4 41. gxf4 Rxh4 42. Kf3 Rh1 43. Kg2 Rd1 44. Kf3 Rd5 45. Rc4 Kf5 46. Re4 Rd3+ 47. Re3 Rxe3+ 48. Kxe3 Kg4 $19 49. c4 h5 50. c5 h4 51. b5 h3 52. a5 h2 53. a6 bxa6 54. bxc6 h1=Q 55. c7 Qc6 0-1

[Event "Balkan Youth Online-ch 2020"]
[Site "Online"]
[Date "2020.10.31"]
[Round "3.75"]
[White "Jovanovic, Anja"]
[Black "Spiridon, Anisia"]
[Result "0-1"]
[ECO "C12"]
[WhiteElo "1778"]
[BlackElo "1551"]
[Annotator "NA RC"]
[PlyCount "96"]
[EventDate "2020.10.31"]
[EventType "swiss"]
[SourceTitle "playchess.com"]
[Source "ChessBase"]
[SourceQuality "1"]
[TimeControl "1500+5"]

1. e4 e6 2. d4 d5 3. Nc3 Nf6 4. Bg5 Bb4 5. e5 h6 6. Bd2 Bxc3 7. bxc3 Ne4 8. Bd3 Nxd2 9. Qxd2 c5 10. Nf3 c4 11. Be2 b5 12. O-O Bd7 13. h3 a5 14. a3 Na6 15. Nh2 Qe7 16. Ng4 O-O 17. Rfb1 Rfb8 18. Bf1 Bc6 19. Ne3 Qg5 20. Kh1 Rb7 21. Ra2 Rab8 22. Rab2 Qe7 23. Ra2 Nc7 24. Kh2 Qg5 25. Rab2 Na8 26. Qe1 Nb6 27. Qd2 Na4 28. Ra2 f6 29. exf6 gxf6 30. Kg1 h5 31. Qe1 e5 32. Be2 Rg7 33. g3 f5 34. dxe5 f4 35. h4 Qxe5 36. Ng2 fxg3 37. fxg3 Nxc3 38. Bxh5 Qxe1+ 39. Rxe1 Nxa2 40. Re6 Bd7 41. Rd6 Nc3 42. Kh2 b4 43. axb4 axb4 44. Ne3 Ne4 45. Rxd5 Nf6 46. Rc5 Nxh5 47. Rxh5 b3 48. Nxc4 bxc2 0-1

[Event "Balkan Youth Online-ch 2020"]
[Site "Online"]
[Date "2020.10.31"]
[Round "3.78"]
[White "Chicarosie, Ioana-Bianca"]
[Black "Tsakona, Maria"]
[Result "0-1"]
[ECO "D05"]
[WhiteElo "1521"]
[BlackElo "1596"]
[Annotator "NA RC"]
[PlyCount "58"]
[EventDate "2020.10.31"]
[EventType "swiss"]
[SourceTitle "playchess.com"]
[Source "ChessBase"]
[SourceQuality "1"]
[TimeControl "5400+30"]

1. d4 Nf6 2. Nf3 e6 3. Nbd2 d5 4. e3 b6 5. Bd3 Bb7 6. O-O Bd6 7. Qe2 Ne4 8. c4 O-O 9. Ne5 f6 10. Nef3 Nd7 11. b3 f5 12. Bb2 Nxd2 13. Qxd2 dxc4 14. Bxc4 Bxf3 15. Bxe6+ Kh8 16. gxf3 Rf6 17. f4 Rxe6 18. Kh1 Qh4 19. Rg1 Rae8 20. d5 Rg6 21. Rxg6 hxg6 22. Rg1 Kh7 23. f3 Bc5 24. Bd4 Bxd4 25. Qxd4 Qf2 26. Qd1 Rxe3 27. Rf1 Qxa2 28. b4 Re2 29. Re1 Rxh2+ 0-1

[Event "Balkan Youth Online-ch 2020"]
[Site "Online"]
[Date "2020.10.31"]
[Round "3.85"]
[White "Popovic, Mateja"]
[Black "Karavitaki, Evaggelia"]
[Result "1/2-1/2"]
[ECO "A46"]
[WhiteElo "1592"]
[BlackElo "1725"]
[Annotator "NA RC"]
[PlyCount "63"]
[EventDate "2020.10.31"]
[EventType "swiss"]
[SourceTitle "playchess.com"]
[Source "ChessBase"]
[SourceQuality "1"]
[TimeControl "5400+30"]

1. d4 Nf6 2. Nf3 e6 3. Bg5 c5 4. c3 Qb6 5. Qb3 Qxb3 6. axb3 Ne4 7. Bf4 Nc6 8. e3 Be7 9. Bd3 Nf6 10. Nbd2 d5 11. h3 O-O 12. O-O h6 13. c4 Rd8 14. cxd5 Nxd5 15. Bg3 cxd4 16. exd4 Ndb4 17. Bc4 Nxd4 18. Nxd4 Rxd4 19. Nf3 Rd8 20. Rfd1 Nd5 21. Bxd5 exd5 22. Rac1 Bf6 23. Rd2 Be6 24. Rc7 b6 25. Be5 Bxe5 26. Nxe5 Rdc8 27. Re7 Kf8 28. Ng6+ Kg8 29. Nf4 Kf8 30. Ng6+ Kg8 31. Nf4 Kf8 32. Ng6+ 1/2-1/2

[Event "Balkan Youth Online-ch 2020"]
[Site "Online"]
[Date "2020.10.31"]
[Round "3.87"]
[White "Sural, Ceren"]
[Black "Tsampouli, Vasiliki"]
[Result "1-0"]
[ECO "C54"]
[WhiteElo "1686"]
[BlackElo "1549"]
[Annotator "NA RC"]
[PlyCount "89"]
[EventDate "2020.10.31"]
[EventType "swiss"]
[SourceTitle "playchess.com"]
[Source "ChessBase"]
[SourceQuality "1"]
[TimeControl "1500+5"]

1. e4 e5 2. Nf3 Nc6 3. Bc4 Bc5 4. c3 Nf6 5. d3 d6 6. h3 a6 7. Bb3 Ba7 8. Nbd2 Ne7 9. Qe2 Ng6 10. g3 Be6 11. Ng5 Bxb3 12. axb3 O-O 13. Nf1 h6 14. Nf3 c6 15. Ne3 d5 16. Nf5 Re8 17. N3h4 Ne7 18. Nxe7+ Qxe7 19. Nf5 Qe6 20. b4 Rad8 21. g4 Kh7 22. g5 hxg5 23. Bxg5 g6 24. Ng3 Rc8 25. Nf1 Nh5 26. Qg4 Kg7 27. Qxe6 Rxe6 28. Be3 Bxe3 29. fxe3 dxe4 30. dxe4 Rd8 31. Rd1 Red6 32. Rxd6 Rxd6 33. Rg1 Nf6 34. Ng3 Kh6 35. Ke2 Nd7 36. Rf1 f6 37. h4 c5 38. bxc5 Nxc5 39. h5 Rd7 40. Rxf6 Na4 41. hxg6 Kg7 42. Re6 Nxb2 43. Nf5+ Kf8 44. g7+ Kf7 45. Re8 1-0

[Event "Balkan Youth Online-ch 2020"]
[Site "Online"]
[Date "2020.10.31"]
[Round "3.88"]
[White "Anghel, Maria"]
[Black "Ivanovic, Tara"]
[Result "1/2-1/2"]
[ECO "D37"]
[WhiteElo "1826"]
[BlackElo "1283"]
[Annotator "NA RC"]
[PlyCount "76"]
[EventDate "2020.10.31"]
[EventType "swiss"]
[SourceTitle "playchess.com"]
[Source "ChessBase"]
[SourceQuality "1"]
[TimeControl "5400+30"]

1. d4 d5 2. c4 e6 3. Nc3 Nf6 4. Nf3 Nbd7 5. cxd5 Nxd5 6. Nxd5 {[%emt 0:01:28] D37: Queen's Gambit Declined: 5 Bf4.} exd5 7. Bf4 Bb4+ 8. Nd2 O-O 9. a3 Ba5 10. b4 Bb6 11. e3 {[%emt 0:00:26] [#]} Nf6 $146 ({Predecessor:} 11... Re8 12. Nf3 a5 13. Bd3 Nf8 14. O-O axb4 15. axb4 Bg4 16. Rxa8 Qxa8 17. Qc2 Bxf3 18. gxf3 {½-½ (53) Gazik,R (2171)-Sarmir,M (2151) Slovakia 2004}) 12. Bd3 Bg4 13. Qc2 c6 14. O-O Bc7 15. Bg5 Qd6 16. Bf4 Qd7 17. Be5 h6 18. h3 Bh5 19. Bf5 Qe7 20. Bxc7 Qxc7 21. g4 Bg6 22. Bxg6 fxg6 23. Qxg6 Rf7 24. Nf3 Nd7 25. Kg2 Raf8 26. Nh4 Nf6 27. Nf5 Kh8 28. Ng3 Nh7 29. f4 Qe7 30. Qd3 Nf6 31. Kh2 Re8 32. Rae1 Ne4 33. Nf5 Qe6 34. Nh4 g5 $1 35. Ng2 Rfe7 ({Black should try} 35... Rh7 $17 36. Qd1 Rg8) 36. Kg1 Qd6 37. f5 Qg3 $19 38. Qe2 Qxh3 1/2-1/2

[Event "Balkan Youth Online-ch 2020"]
[Site "Online"]
[Date "2020.10.31"]
[Round "3.91"]
[White "Yilmaz, Duygu Sila"]
[Black "Mihailidou, Magdalini"]
[Result "0-1"]
[ECO "C54"]
[WhiteElo "1408"]
[BlackElo "1796"]
[Annotator "NA RC"]
[PlyCount "48"]
[EventDate "2020.10.31"]
[EventType "swiss"]
[SourceTitle "playchess.com"]
[Source "ChessBase"]
[SourceQuality "1"]
[TimeControl "1500+5"]

1. e4 e5 2. Nf3 Nc6 3. Bc4 Bc5 4. c3 Nf6 5. d3 d6 6. Nbd2 a6 7. Bb3 h6 8. O-O g5 9. Re1 Ba7 10. Nf1 g4 11. Nh4 Nxe4 12. Rxe4 Qxh4 13. Ng3 f5 14. Re1 Bd7 15. Bd5 O-O-O 16. b4 f4 17. Ne4 g3 18. hxg3 fxg3 19. Be3 Bxe3 20. Rxe3 Qh2+ 21. Kf1 Qh1+ 22. Ke2 Bg4+ 23. Rf3 Qxg2 24. Qh1 Bxf3+ 0-1

[Event "Balkan Youth Online-ch 2020"]
[Site "Online"]
[Date "2020.10.31"]
[Round "3.92"]
[White "Lupascu, Diana-Elena"]
[Black "Eftovska, Lea"]
[Result "1-0"]
[ECO "E69"]
[WhiteElo "1668"]
[BlackElo "1587"]
[Annotator "NA RC"]
[PlyCount "69"]
[EventDate "2020.10.31"]
[EventType "swiss"]
[SourceTitle "playchess.com"]
[Source "ChessBase"]
[SourceQuality "1"]
[TimeControl "1500+5"]

1. d4 Nf6 2. Nf3 g6 3. g3 Bg7 4. Bg2 d6 5. O-O O-O 6. c4 Nbd7 7. Nc3 e5 8. e4 exd4 9. Nxd4 Re8 10. h3 Nc5 11. Re1 c6 12. Qc2 Bd7 13. Nb3 Ne6 14. Be3 Qc8 15. Rad1 Nc7 16. Kh2 d5 17. cxd5 cxd5 18. Nxd5 Nfxd5 19. exd5 Bf5 20. Qc4 Bxb2 21. d6 Ne6 22. Qxc8 Rexc8 23. Bxb7 Bc2 24. Rd2 Bxb3 25. Rxb2 Ba4 26. Bxa8 Rxa8 27. Rb7 a6 28. Rc1 Rd8 29. Bh6 Nd4 30. d7 Bc6 31. Rc7 Nf3+ 32. Kh1 Ne5+ 33. R7xc6 Nxc6 34. Rxc6 f5 35. Rc8 1-0

[Event "Balkan Youth Online-ch 2020"]
[Site "Online"]
[Date "2020.10.31"]
[Round "3.93"]
[White "Ergazaki, Eirini"]
[Black "Shqau, Olta"]
[Result "1-0"]
[ECO "C12"]
[WhiteElo "1577"]
[BlackElo "1373"]
[Annotator "NA RC"]
[PlyCount "99"]
[EventDate "2020.10.31"]
[EventType "swiss"]
[SourceTitle "playchess.com"]
[Source "ChessBase"]
[SourceQuality "1"]
[TimeControl "5400+30"]

1. e4 e6 2. d4 d5 3. Nc3 Nf6 4. Bg5 c5 5. e5 cxd4 6. Qxd4 Nc6 7. Qa4 h6 8. exf6 hxg5 9. fxg7 Bxg7 10. Nf3 Bd7 11. Qg4 f6 12. Bb5 Qb6 13. O-O O-O-O 14. Bxc6 Qxc6 15. Nd4 Qb6 16. Nb3 e5 17. Qd1 d4 18. Ne2 Qc6 19. c3 dxc3 20. Nxc3 Bh3 21. gxh3 Rxd1 22. Rfxd1 Rxh3 23. Nd5 Qe6 24. Rac1+ Kb8 25. Ne3 Rh8 26. Nc5 Qh3 27. Nf1 Rc8 28. Nd7+ Qxd7 29. Rxd7 Rxc1 30. Rxg7 Rc2 31. b4 Rxa2 32. Ne3 Rd2 33. Rf7 Rd6 34. Kg2 a6 35. Kf3 Rd4 36. Rxf6 Rxb4 37. Rf5 Rf4+ 38. Rxf4 gxf4 39. Nc4 b5 40. Nxe5 Kc7 41. h4 a5 42. h5 a4 43. Nd3 a3 44. Nb4 Kb6 45. h6 Kc5 46. Na2 b4 47. h7 b3 48. h8=Q bxa2 49. Qa1 Kb4 50. Qxa2 1-0

[Event "Balkan Youth Online-ch 2020"]
[Site "Online"]
[Date "2020.10.31"]
[Round "3.94"]
[White "Zeycan, Alara"]
[Black "Bojovic, Neda"]
[Result "0-1"]
[ECO "D00"]
[WhiteElo "1230"]
[BlackElo "1316"]
[Annotator "NA RC"]
[PlyCount "106"]
[EventDate "2020.10.31"]
[EventType "swiss"]
[SourceTitle "playchess.com"]
[Source "ChessBase"]
[SourceQuality "1"]
[TimeControl "1500+5"]

1. d4 d5 2. e3 e6 3. Bd3 Nf6 4. Nd2 c5 5. c3 Nc6 6. f4 Bd6 7. Ndf3 O-O 8. Ne5 Qc7 9. Ngf3 h6 10. O-O cxd4 11. exd4 Qb6 12. Nxc6 bxc6 13. Ne5 Ba6 14. Be3 Bb5 15. b4 Rab8 16. a4 Bxd3 17. Qxd3 Qc7 18. Rab1 Ne4 19. Rf3 a5 20. bxa5 Rxb1+ 21. Qxb1 Qxa5 22. Nxc6 Qxa4 23. Ne5 Rb8 24. Qe1 Qc2 25. Rf1 Rb2 26. Bf2 Nxc3 27. h3 Bb4 28. Qe3 Qe2 29. Nd3 Qxe3 30. Bxe3 Re2 31. Bc1 Be7 32. Rf2 Re4 33. Kf1 Rxd4 34. Rd2 Ne4 35. Rd1 Bh4 36. Bb2 Ng3+ 37. Kf2 Re4 38. Kf3 Nf5 39. Bc1 h5 40. g3 Bxg3 41. Rg1 Bh4 42. Nc5 Nd4+ 43. Kg2 Re2+ 44. Kf1 Rf2+ 45. Ke1 Rc2+ 46. Kd1 Rxc5 47. Be3 Rc4 48. Rf1 Nf5 49. Bc1 Ra4 50. Kc2 Bf6 51. Kb3 Ra1 52. Re1 Nd4+ 53. Kc3 Nf3+ 0-1

[Event "Balkan Youth Online-ch 2020"]
[Site "Online"]
[Date "2020.10.31"]
[Round "4.2"]
[White "Sava, Robert-Gabriel"]
[Black "Sevig, Mert Can"]
[Result "0-1"]
[ECO "B52"]
[WhiteElo "1716"]
[BlackElo "1472"]
[Annotator "NA RC"]
[PlyCount "68"]
[EventDate "2020.10.31"]
[EventType "swiss"]
[SourceTitle "playchess.com"]
[Source "ChessBase"]
[SourceQuality "1"]
[TimeControl "1500+5"]

1. e4 c5 2. Nf3 d6 3. Bb5+ Bd7 4. Bxd7+ Qxd7 5. O-O Nc6 6. c3 Nf6 7. Re1 e6 8. d4 cxd4 9. cxd4 Be7 10. Nc3 Rc8 11. Be3 O-O 12. h3 Rfd8 13. Kh1 a6 14. Ng1 b5 15. f4 Na5 16. e5 dxe5 17. dxe5 Nd5 18. Nxd5 Qxd5 19. Bb6 Qxd1 20. Raxd1 Rxd1 21. Rxd1 Nc4 22. Rd7 Bh4 23. Bd4 h6 24. Ne2 Nxb2 25. g3 Rc2 26. gxh4 Rxe2 27. Rd8+ Kh7 28. Ra8 Nd3 29. Rxa6 Nxf4 30. a3 Re4 31. Bb2 Re1+ 32. Kh2 Re2+ 33. Kg3 Nh5+ 34. Kg4 Rg2+ 0-1

[Event "Balkan Youth Online-ch 2020"]
[Site "Online"]
[Date "2020.10.31"]
[Round "4.5"]
[White "Domurcak, Doruk"]
[Black "Gkavardinas, Antonios"]
[Result "0-1"]
[ECO "A36"]
[WhiteElo "1244"]
[BlackElo "1606"]
[Annotator "NA RC"]
[PlyCount "112"]
[EventDate "2020.10.31"]
[EventType "swiss"]
[SourceTitle "playchess.com"]
[Source "ChessBase"]
[SourceQuality "1"]
[TimeControl "1500+5"]

1. e4 c5 2. c4 Nc6 3. Nc3 g6 4. g3 Bg7 5. Bg2 Nf6 6. Nge2 O-O 7. O-O d6 8. d3 a6 9. h3 Rb8 10. Be3 b5 11. b3 Bd7 12. Rc1 Qa5 13. Qd2 Ne8 14. f4 Nd4 15. Bxd4 cxd4 16. Nb1 Qb6 17. Na3 f5 18. Kh2 fxe4 19. Bxe4 Nf6 20. Bg2 e5 21. Nc2 Bc6 22. Bxc6 Qxc6 23. Rce1 Nd7 24. Nb4 Qb7 25. Nd5 bxc4 26. bxc4 Qb2 27. Rd1 Nc5 28. Rf2 e4 29. Qxb2 Rxb2 30. dxe4 d3 31. Re1 Nxe4 32. Rg2 dxe2 33. Rgxe2 Rxe2+ 34. Rxe2 Nc3 35. Nxc3 Bxc3 36. Re6 Bb4 37. Kg2 Kf7 38. Re4 Re8 39. Kf3 Rxe4 40. Kxe4 Ke6 41. g4 Ba3 42. Kd4 a5 43. Ke4 a4 44. Kd4 Bb2+ 45. Ke4 a3 46. f5+ gxf5+ 47. gxf5+ Kf6 48. Kf4 h5 49. Ke4 Bc1 50. h4 Bd2 51. Kd5 Kxf5 52. Kxd6 Kg4 53. c5 Kxh4 54. Ke5 Kg4 55. c6 Bf4+ 56. Ke6 h4 0-1

[Event "Balkan Youth Online-ch 2020"]
[Site "Online"]
[Date "2020.10.31"]
[Round "4.6"]
[White "Alimema, Alvin"]
[Black "Kovacec, Tilen"]
[Result "1/2-1/2"]
[ECO "B21"]
[WhiteElo "1110"]
[BlackElo "1183"]
[Annotator "NA RC"]
[PlyCount "117"]
[EventDate "2020.10.31"]
[EventType "swiss"]
[SourceTitle "playchess.com"]
[Source "ChessBase"]
[SourceQuality "1"]
[TimeControl "1500+5"]

1. e4 c5 2. f4 Nc6 3. Nf3 g6 4. Bb5 Bg7 5. Bxc6 bxc6 6. Nc3 Ba6 7. d3 d6 8. O-O Nf6 9. Qe1 O-O 10. Qh4 Rb8 11. f5 Qb6 12. Ng5 h5 13. Qf2 Ng4 14. Qe2 c4+ 15. Kh1 cxd3 16. cxd3 Ne5 17. Rd1 Qb7 18. Nf3 Nxf3 19. Qxf3 Qb4 20. a3 Qb7 21. d4 Qb3 22. Rb1 c5 23. Nd5 Qxf3 24. gxf3 e6 25. Ne7+ Kh7 26. dxc5 dxc5 27. Kg2 Rb7 28. Nc6 exf5 29. exf5 gxf5 30. Rd5 Rb6 31. Ne5 Re6 32. Nd7 Rd8 33. Bg5 Rg8 34. Nxc5 Rg6 35. Nxa6 Rxa6 36. Bf4 Bh6+ 37. Bg3 f4 38. Rxh5 fxg3 39. hxg3 Rag6 40. g4 Kg7 41. b4 Bg5 42. Rd1 a6 43. Kg3 Rh8 44. Rxh8 Kxh8 45. f4 Bh6 46. g5 Bf8 47. Kg4 Rc6 48. f5 Kg7 49. f6+ Kg6 50. Rd8 Rc4+ 51. Kh3 Kxg5 52. Rxf8 Kxf6 53. Rh8 Rc3+ 54. Kg4 Rxa3 55. Rh6+ Ke7 56. Kf5 Ra4 57. Ke5 f6+ 58. Rxf6 Rxb4 59. Rxa6 1/2-1/2

[Event "Balkan Youth Online-ch 2020"]
[Site "Online"]
[Date "2020.10.31"]
[Round "4.9"]
[White "Smirnov, Maksim"]
[Black "Stefanoski, Daniel"]
[Result "1/2-1/2"]
[ECO "D02"]
[WhiteElo "1139"]
[BlackElo "1129"]
[Annotator "NA RC"]
[PlyCount "180"]
[EventDate "2020.10.31"]
[EventType "swiss"]
[SourceTitle "playchess.com"]
[Source "ChessBase"]
[SourceQuality "1"]
[TimeControl "1500+5"]

1. d4 d5 2. Bf4 Nc6 3. e3 f6 4. Nf3 Bg4 5. Bd3 e5 6. h3 Bxf3 7. Qxf3 exf4 8. Qxf4 Bd6 9. Qg4 Qd7 10. Qh5+ Qf7 11. Qg4 Nge7 12. Nc3 Nb4 13. Bb5+ c6 14. Ba4 b5 15. Bb3 O-O 16. a3 Na6 17. h4 Rab8 18. h5 h6 19. e4 Nc7 20. O-O Ne6 21. exd5 Nxd5 22. Nxd5 cxd5 23. Bxd5 Rfe8 24. Rfe1 f5 25. Qg6 Qxg6 26. hxg6 Kh8 27. Rxe6 Rxe6 28. Bxe6 Rb6 29. Bf7 Rc6 30. Re1 Rc8 31. Re6 Bf8 32. c3 a5 33. Re5 b4 34. axb4 axb4 35. c4 Rd8 36. g3 b3 37. Re8 Rxe8 38. Bxe8 Be7 39. Bf7 Bf6 40. c5 Bxd4 41. Bxb3 Bxc5 42. Bf7 Bb4 43. Kg2 Bd2 44. Kf3 Bc1 45. Ke2 Bxb2 46. Kd3 Be5 47. Kc4 f4 48. g4 f3 49. Kd3 Bh2 50. Ke3 Be5 51. Kxf3 Bf6 52. Ke4 Bg5 53. f4 Bf6 54. Kf5 Be7 55. Ke6 Bd8 56. Be8 Kg8 57. Bf7+ Kf8 58. Kd7 Bf6 59. Bd5 Bh4 60. Kd6 Bg3 61. Ke5 Ke7 62. Kf5 Bh4 63. Ke4 Kf6 64. Bf7 Bg3 65. Kf3 Bh4 66. Kg2 Be1 67. Kf3 Bd2 68. Ke4 Bc1 69. Be8 Bd2 70. f5 Bg5 71. Bf7 Bc1 72. Be6 Ba3 73. Kd5 Be7 74. Kc6 Kg5 75. Kd7 Bf6 76. Ke8 Kxg4 77. Kf7 h5 78. Ke8 h4 79. Kd7 h3 80. Kd6 h2 81. Bd5 Kxf5 82. Kc5 Kxg6 83. Kc4 Kf5 84. Kd3 g5 85. Ke2 g4 86. Kf2 Kf4 87. Kg2 g3 88. Bb7 Bd4 89. Bf3 h1=Q+ 90. Kxh1 Kxf3 1/2-1/2